Map: Acropolis LE

Players

Astrea

  • Race: Protoss Protoss
  • Spawn Location: 11:00

Vanya - Winner!

  • Race: Zerg Zerg
  • Spawn Location: 5:00

Event: 2019 WCS Summer

VOD

Have the link to the VOD?

Description

Time

  • Played on: July 12, 2019, 1:35 p.m.
  • Length: 8:38

All games in this series

Show
View Real Time Build Order
Export as new Build Order

Astrea Protoss 

Build Orders: Nexus First, Phoenix Opening 

Get SALT Encoding   

  12  0:00  Probe  
  13  0:13  Probe  
  14  0:20  Pylon  
  14  0:25  Probe  
  15  0:35  Probe  
  16  0:43  Probe  
  17  0:53  Probe  
  18  1:02  Nexus  
  18  1:08  Probe  
  19  1:16  Probe, Gateway  
  19  1:24  Probe  
  19  1:25  Assimilator  
  21  1:34  Probe, Assimilator  
  22  1:41  Pylon  
  22  1:46  Probe  
  23  1:59  Probe  
  24  2:05  Cybernetics Core  
  24  2:09  Zealot  
  24  2:11  Probe x2  
  28  2:19  Probe  
  28  2:23  Probe  
  28  2:29  Probe  
  30  2:33  Sentry, Pylon  
  30  2:36  Probe  
  32  2:41  Probe  
  32  2:42  Warp Gate  
  35  2:48  Robotics Facility  
  35  2:49  Probe  
  36  2:53  Gateway  
  36  2:55  Probe  
  37  2:59  Sentry  
  37  3:01  Probe  
  40  3:08  Probe, Pylon  
  41  3:13  Probe  
  41  3:19  Pylon  
  42  3:20  Probe  
  42  3:26  Probe, Immortal  
  44  3:30  Sentry  
  44  3:32  Assimilator, Probe  
  44  3:33  Phoenix  
  47  3:35  Assimilator  
  47  3:38  Probe  
  52  3:44  Probe  
  52  3:46  Pylon  
  53  3:50  Probe  
  53  3:54  Warp Prism  
  54  3:57  Probe  
  54  4:02  Probe  
  58  4:11  Gateway x2  
  58  4:13  Gateway  
  58  4:14  Probe x2  
  60  4:23  Observer  
  60  4:27  Probe  
  60  4:30  Sentry x2, Pylon  
  66  4:39  Immortal  
  66  4:46  Nexus  
  66  4:48  Pylon  
  66  4:51  Probe  
  66  4:52  Probe  
  72  4:56  Sentry  
  72  4:57  Sentry  
  76  5:00  Pylon  
  76  5:03  Probe  
  77  5:07  Immortal  
  77  5:09  Probe  
  77  5:12  Sentry x3  
  84  5:17  Gateway  
  88  5:30  Gateway  
  88  5:31  Gateway  
  88  5:34  Sentry, Zealot  
  92  5:40  Sentry  
  94  5:59  Shield Battery  
  94  6:01  Pylon  
  94  6:05  Stalker x5  
  104  6:12  Stalker  
  104  6:13  Pylon  
  106  6:22  Pylon  
  106  6:23  Pylon  
  106  6:28  Zealot x5  
  102  6:40  Stalker x3  
  87  7:00  Immortal  
  73  7:15  Sentry x4  
  83  7:16  Zealot x4  
  83  7:18  Probe x3  
  90  7:39  Immortal  
  90  7:40  Stalker x2, Probe x3  
  90  7:41  Stalker x3  
  83  8:20  Stalker x8  
  94  8:31  Assimilator x2  
Show
View Real Time Build Order
Export as new Build Order

Vanya Zerg - Winner!

Build Orders: Hatch First 

Get SALT Encoding   

  12  0:00  Drone  
  13  0:12  Overlord  
  13  0:16  Drone  
  14  0:31  Drone x2  
  16  0:47  Hatchery  
  15  0:51  Drone  
  15  0:54  Drone  
  17  0:57  Drone  
  18  1:08  Extractor  
  17  1:12  Spawning Pool  
  17  1:16  Drone  
  17  1:20  Drone  
  18  1:29  Drone  
  19  1:39  Drone  
  20  1:49  Overlord  
  20  1:59  Queen x2  
  20  2:00  Zergling x2  
  25  2:02  Drone  
  26  2:09  Metabolic Boost  
  26  2:12  Drone  
  27  2:15  Drone  
  27  2:21  Drone  
  29  2:24  Drone  
  30  2:37  Drone  
  30  2:38  Drone  
  32  2:44  Hatchery  
  32  2:48  Queen  
  33  2:52  Overlord  
  33  2:55  Drone  
  33  2:57  Drone  
  35  2:59  Drone  
  36  3:11  Drone x2  
  36  3:12  Drone x2  
  40  3:14  Drone  
  40  3:15  Overlord  
  40  3:17  Drone  
  40  3:19  Drone  
  43  3:24  Overlord  
  43  3:27  Overlord  
  43  3:33  Drone  
  44  3:35  Drone  
  45  3:42  Drone x2  
  45  3:44  Drone x2  
  45  3:46  Drone  
  45  3:47  Roach Warren  
  49  3:55  Drone x2  
  51  3:58  Drone x3  
  51  3:59  Lair  
  51  4:00  Extractor  
  51  4:01  Zergling x2, Extractor  
  53  4:05  Zergling x2  
  54  4:15  Overlord  
  54  4:27  Roach x5  
  54  4:28  Overlord  
  54  4:29  Zergling x6  
  54  4:30  Zergling x6  
  70  4:41  Zergling x8  
  74  4:46  Overlord  
  74  4:47  Zergling x8  
  74  4:49  Zergling x2, Ravager  
  79  4:56  Roach  
  79  4:58  Ravager  
  79  4:59  Roach  
  84  5:00  Roach  
  84  5:03  Overlord  
  84  5:04  Zergling x2, Roach  
  84  5:06  Roach  
  91  5:09  Zergling x2  
  92  5:17  Drone x2  
  92  5:18  Drone x2, Extractor  
  95  5:23  Extractor  
  95  5:24  Drone x2  
  95  5:26  Drone x3, Extractor, Spire  
  95  5:27  Drone  
  98  5:34  Drone x2  
  98  5:35  Drone  
  101  5:39  Overlord  
  101  5:40  Drone  
  102  5:44  Drone x2  
  106  5:56  Drone  
  105  6:04  Zergling x2, Roach x4  
  110  6:08  Roach  
  110  6:09  Overlord x2  
  110  6:10  Overlord x2  
  113  6:13  Spore Crawler  
  113  6:15  Ravager x2, Spore Crawler x2  
  113  6:16  Ravager, Spore Crawler  
  113  6:17  Ravager x2  
  118  6:29  Zergling x16  
  118  6:30  Zergling x2  
  127  6:38  Zergling x2  
  127  6:39  Zergling x4, Roach x3  
  123  6:41  Zergling x2, Roach x2  
  123  6:46  Zergling x4, Roach  
  120  6:48  Queen  
  108  6:55  Zergling x2, Roach  
  108  6:58  Roach  
  101  7:04  Zergling x6  
  101  7:06  Zergling x2  
  101  7:07  Zergling x2  
  101  7:08  Zergling x4  
  105  7:13  Zergling x4  
  105  7:16  Zergling x2  
  106  7:31  Mutalisk x3  
  106  7:32  Mutalisk x2  
  112  7:38  Mutalisk x2  
  118  7:44  Evolution Chamber, Roach  
  118  7:49  Mutalisk  
  118  7:50  Mutalisk  
  121  7:53  Roach  
  121  7:55  Ravager x2  
  125  7:58  Zergling x4  
  125  7:59  Roach x5  
  125  8:05  Zergling x4, Roach x2  
  141  8:10  Zergling x2  
  138  8:13  Zergling x2  
  138  8:17  Zergling x2  
  145  8:31  Ravager  
Tags
 
Add a new tag
Caveats
  • Supply blocks, unpowered buildings, or Contaminate may cause inaccurate times.
  • Supply counts are checked every 10 seconds.